 Dungeon Sprint DCSS version 0.21-a0-221-gfe971b9 (webtiles) character file.

64 Kidiri the Magician (level 3, -1/28 HPs)
             Began as a Deep Elf Fire Elementalist on Aug 24, 2017.
             Was a Priest of Vehumet.
             Slain by a gnoll sergeant
             ... wielding a +5 antimagic trident
              (8 damage)
             ... in the Dungeon (Sprint VII: "The Pits").
             The game lasted 00:05:17 (470 turns).

Kidiri the Magician (Deep Elf Fire Elementalist)     Turns: 470, Time: 00:05:18

Health: -1/28      AC:  2    Str: 10    XL:     3   Next: 91%
Magic:  0/14       EV: 13    Int: 20    God:    Vehumet [***...]
Gold:   0          SH:  0    Dex: 15    Spells: 14/17 levels left

rFire    . . .     SeeInvis .   k - +2 dagger (venom)
rCold    . . .     Gourm    .   (no shield)
rNeg     . . .     Faith    .   a - +0 robe
rPois    .         Spirit   .   (no helmet)
rElec    .         Reflect  .   (no cloak)
rCorr    .         Harm     .   (no gloves)
MR       .....     NoTele   +   (no boots)
Stlth    ..........             (no amulet)
HPRegen  0.09/turn              (no ring)
MPRegen  0.14/turn              (no ring)

@: berserking, very quick
A: no striking features
a: Renounce Religion


You were in the Dungeon.
You worshipped Vehumet.
Vehumet was most pleased with you.
You were not hungry.

You visited 1 branch

Inventory:

Hand Weapons
 k - a +2 dagger of venom (weapon)
Armour
 a - a +0 robe (worn)
Scrolls
 i - a scroll of blinking
 m - 3 scrolls of remove curse
 n - 5 scrolls of amnesia
 o - a scroll of summoning
Potions
 d - 6 potions of curing
 e - 2 potions of heal wounds
 f - a potion of haste
 g - 3 potions of magic
 h - 2 potions of berserk rage
 l - 2 potions of invisibility
Books
 b - a book of Flames

   Spells                             Type                      Level
   a - Flame Tongue                   Conjuration/Fire             1
   b - Throw Flame                    Conjuration/Fire             2
   c - Conjure Flame                  Conjuration/Fire             3
   d - Inner Flame                    Hexes/Fire                   3
   e - Sticky Flame                   Conjuration/Fire             4
   f - Fireball                       Conjuration/Fire             5
Comestibles
 c - 8 bread rations
 p - 40 fruits
 q - 7 meat rations


   Skills:
 - Level 2.4 Dodging
 - Level 2.4 Stealth
 * Level 7.7 Spellcasting
 + Level 4.1 Conjurations
 + Level 5.3 Fire Magic


You had 14 spell levels left.
You knew the following spells:

 Your Spells              Type           Power        Failure   Level  Hunger
a - Flame Tongue          Conj/Fire      ####.        1%          1    None
b - Throw Flame           Conj/Fire      ####..       1%          2    None


Dungeon Overview and Level Annotations

Branches:
Dungeon (1/1)

Altars:
Ashenzari
Cheibriados
Dithmenos
Elyvilon
Fedhas
Gozag
Hepliaklqana
Kikubaaqudgha
Makhleb
Nemelex Xobeh
Okawaru
Qazlal
Ru
Sif Muna
Trog
Uskayaw
Vehumet
Wu Jian
Xom
Yredelemnul
Zin
The Shining One
Beogh
Jiyva
Lugonu


Message History

* * * LOW HITPOINT WARNING * * *
Unknown command.
You feel much better. The gnoll sergeant misses you.
Unknown command.
A red film seems to cover your vision as you go berserk!
You feel yourself moving faster!
You feel mighty!
The gnoll sergeant hits you from afar with an antimagic trident.
You feel your power leaking away.
You feel a strong urge to attack something.
The gnoll hits you from afar with a spear.
The gnoll sergeant completely misses you.
You hit the gnoll sergeant.
The gnoll sergeant is poisoned.
The gnoll sergeant is moderately wounded.
You hit the gnoll sergeant but do no damage.
The gnoll sergeant looks as sick as possible!
The gnoll sergeant is moderately wounded.
The gnoll hits you from afar with a spear!
* * * LOW HITPOINT WARNING * * *
The gnoll sergeant hits you with an antimagic trident!
You die...

############
#_________.#
#_________.#
#_______...#########
##########+##.......
#.?(.+)))+.##......#
##########.##.......
#gg@......).'.......
#g#####+#####......#
#.#...#.#..##.......
#g#...#.#))#####+###
#g#...+.#))##.......
#g##+####))##.......
#g#.)...#[[##.......
#.#.....#+###...<...
#)#........##.......


You could see a gnoll sergeant and 2 gnolls.

Vanquished Creatures
  A gnoll shaman (D)
  2 gnolls (D)
  An ufetubus (D)
  2 orcs (D)
  A bat zombie (D)
  A hobgoblin (D)
  A quokka (D)
  2 ball pythons (D)
  A frilled lizard (D)
12 creatures vanquished.

Notes
Turn   | Place    | Note
-------+----------+-------------------------------------------
     0 | D        | Kidiri the Deep Elf Fire Elementalist began the quest for the Orb.
     0 | D        | Reached XP level 1. HP: 10/10 MP: 6/6
    50 | D        | Found a bloodstained altar of Trog.
    50 | D        | Found a deep blue altar of Sif Muna.
    50 | D        | Found a viscous altar of Jiyva.
    50 | D        | Found a hazy altar of Hepliaklqana.
    50 | D        | Found an opulent altar of Gozag.
    51 | D        | Found a glowing golden altar of the Shining One.
    51 | D        | Found a glowing silver altar of Zin.
    51 | D        | Found a basalt altar of Yredelemnul.
    51 | D        | Found a shimmering altar of Xom.
    51 | D        | Found an ornate altar of the Wu Jian Council.
    51 | D        | Found a sacrificial altar of Ru.
    51 | D        | Found a stormy altar of Qazlal.
    51 | D        | Found an iron altar of Okawaru.
    51 | D        | Found a sparkling altar of Nemelex Xobeh.
    51 | D        | Found a burning altar of Makhleb.
    51 | D        | Found a blossoming altar of Fedhas.
    51 | D        | Found a white marble altar of Elyvilon.
    51 | D        | Found a shadowy altar of Dithmenos.
    51 | D        | Found a snail-covered altar of Cheibriados.
    53 | D        | Found a radiant altar of Vehumet.
    53 | D        | Found a corrupted altar of Lugonu.
    53 | D        | Found a roughly hewn altar of Beogh.
    54 | D        | Found a hide-covered altar of Uskayaw.
    54 | D        | Found an ancient bone altar of Kikubaaqudgha.
    54 | D        | Found a shattered altar of Ashenzari.
    61 | D        | Became a worshipper of Vehumet
    80 | D        | Reached skill level 4 in Spellcasting
   112 | D        | Reached * piety under Vehumet
   112 | D        | Offered knowledge of Freeze by Vehumet.
   148 | D        | Reached XP level 2. HP: 15/15 MP: 7/9
   153 | D        | Reached ** piety under Vehumet
   153 | D        | Reached skill level 5 in Spellcasting
   172 | D        | Learned a level 2 spell: Throw Flame
   440 | D        | Offered knowledge of Sting by Vehumet.
   440 | D        | Reached skill level 6 in Spellcasting
   441 | D        | Noticed a gnoll sergeant
   443 | D        | Reached *** piety under Vehumet
   443 | D        | Reached skill level 7 in Spellcasting
   443 | D        | Reached skill level 5 in Fire Magic
   443 | D        | Reached XP level 3. HP: 19/19 MP: 5/13
   470 | D        | Slain by a gnoll sergeant

Vault maps used:
D:        pitsprint

Skill      XL: |  1  2  3 |
---------------+----------+-----
Spellcasting   | 4 7 |  7.7
Conjurations   | 2 3 4 |  4.1
Fire Magic     | 5 |  5.3
Dodging        | |  2.4
Stealth        | |  2.4

Action                   || total
-------------------------++-------
Melee: Dagger            ||     3
 Cast: Flame Tongue      ||    27
  Use: Potion            ||     6
Armor: Robe              ||     3
Dodge: Dodged            ||    21

Table legend:
 A = Spawn XP
 B = Non-spawn XP
 C = Spawn XP percentage of total XP
 D = Spawn monster count
 E = Non-spawn monster count
 F = Spawn count percentage of total count
 G = Total turns spent on level
                    A         B        C        D         E        F      G
               +---------+---------+-------+---------+---------+-------+---------
         Total |       0 |      92 |   0.0 |       0 |      12 |   0.0 |   470
               +---------+---------+-------+---------+---------+-------+---------
             D |       0 |      92 |   0.0 |       0 |      12 |   0.0 |   470
               +---------+---------+-------+---------+---------+-------+---------
